 Dungeon Crawl Stone Soup version 0.18-a0-1782-gb76a692 (webtiles) character file.

929 LernaeanJelly the Cleaver (level 8, -1/64 HPs)
             Began as a Hill Orc Berserker on Apr 17, 2016.
             Was an Elder of Trog.
             Splashed by a jelly's acid (9 damage)
             ... on level 5 of the Dungeon.
             The game lasted 00:17:56 (4283 turns).

LernaeanJelly the Cleaver (Hill Orc Berserker)      Turns: 4283, Time: 00:17:57

Health: -1/64      AC: -1    Str: 21    XL:     8   Next: 11%
Magic:  8/8        EV:  8    Int:  7    God:    Trog [****..]
Gold:   149        SH:  0    Dex: 11    Spells: 0 memorised, 7 levels left

rFire  . . .     SeeInvis .     a - +0 hand axe
rCold  . . .     Gourm    .     q - +0 chain mail
rNeg   . . .     Faith    .     (no shield)
rPois  .         Spirit   .     y - +0 helmet
rElec  .         Dismiss  .     l - +0 cloak
rCorr  .         Reflect  .     E - +2 pair of gloves
SustAt .         Harm     .     (no boots)
MR     .....                    i - amulet of magic regeneration
Stlth  ..........               w - ring of stealth
                                (no ring)

@: lethally poisoned (-1 -> -11), corroded, not resistant to hostile
enchantments, extremely unstealthy
A: no striking features
a: Berserk, Trog's Hand, Brothers in Arms, Burn Spellbooks, Renounce Religion


You were on level 5 of the Dungeon.
You worshipped Trog.
Trog was greatly pleased with you.
You were near starving.

You visited 1 branch of the dungeon, and saw 5 of its levels.

You collected 149 gold pieces.

Inventory:

Hand Weapons
 a - a +0 hand axe (weapon)
 C - a +0 blowgun
   (You took it off a kobold on level 3 of the Dungeon)
 F - a +0 war axe
   (You took it off an orc on level 4 of the Dungeon)
Missiles
 A - 3 needles of confusion
 B - 12 poisoned needles
Armour
 l - a +0 cloak (worn)
   (You found it on level 2 of the Dungeon)
 q - a +0 chain mail (worn)
   (You took it off a goblin on level 1 of the Dungeon)
 y - a +0 helmet (worn)
   (You took it off Robin on level 3 of the Dungeon)
 E - a +2 pair of gloves (worn)
   (You found it on level 3 of the Dungeon)
Jewellery
 i - an amulet of magic regeneration (around neck)
   (You found it on level 1 of the Dungeon)
 k - an uncursed ring of fire
   (You found it on level 1 of the Dungeon)
 w - a ring of stealth (right hand)
   (You found it on level 3 of the Dungeon)
Wands
 e - a wand of flame (23/48)
   (You took it off Crazy Yiuf on level 4 of the Dungeon)
Scrolls
 d - 2 scrolls of identify {unknown}
 h - 4 scrolls of amnesia {unknown}
 m - 3 scrolls of noise {unknown}
 n - 4 scrolls of fear {unknown}
 o - a scroll of remove curse {unknown}
 r - 2 scrolls of teleportation {unknown}
 u - a scroll of recharging {unknown}
 v - 2 scrolls of magic mapping {unknown}
 D - a scroll of blinking {unknown}
Potions
 b - 2 potions of ambrosia {unknown}
 f - a potion of invisibility {unknown}
 g - a potion of degeneration {unknown}
 p - 5 potions of lignification {unknown}
 s - 2 potions of curing {unknown}
 t - 2 potions of magic {unknown}
 z - a potion of mutation {unknown}
Comestibles
 c - 2 bread rations {@e1}
 j - 2 slices of pizza
 x - 2 meat rations {@e2}


   Skills:
 - Level 3.6 Fighting
 + Level 12.1 Axes
 - Level 2.1 Armour
 - Level 1.5 Dodging


You had 7 spell levels left.
You didn't know any spells.

Dungeon Overview and Level Annotations

Branches:
Dungeon (5/15)
 Temple: D:4-7

Altars:
Qazlal


Message History

You hit the worm.
You kill the worm!
Trog accepts your kill.
You may need something to eat soon, looking for food.
Search for what [Enter for "@corpse&&!!rott&&!!skel&&!!sky&&!!necrop&&!!ugly&&!!vampire&&!!corpse rot&&!!&&!!botono", or ? for help]? @corpse&&!!rott&&!!skel&&!!sky&&!!necrop&&!!ugly&&!!vampire&&!!corpse rot&&!!&&!!botono Can't find anything matching that.
Okay, then.
Unknown command.
Health restored: 64 Unknown command.
There is a stone staircase leading down here.
You climb downwards.
Found 2 scrolls labeled RUHEN BUGICE.
There is a stone staircase leading up here.
Unknown command.
v - 2 scrolls labeled RUHEN BUGICE Unknown command.
You open the door.
An ooze comes into view.
There is an open door here.
You hit the ooze but do no damage. You hit the ooze.
The ooze hits you but does no damage.
Your chain mail prevents you from hitting the ooze.
The ooze hits you but does no damage.
You hit the ooze. You hit the ooze but do no damage.
The ooze hits you but does no damage.
You slash the ooze!
You kill the ooze!
Trog accepts your kill.
You open the door.
Found a stone staircase leading down.
There is an open door here.
Found a brown potion.
A jelly comes into view.
The jelly quivers.
The jelly jiggles.
The jelly completely misses you. The jelly hits you but does no damage.
An adder comes into view.
The jelly hits you but does no damage.
You hit the jelly.
Your hands burn!
You take 4 damage, and have 60/64 hp.
You hit the jelly. The acid corrodes you!
Your hands burn!
The jelly hits you but does no damage.
You take 4 damage, and have 56/64 hp.
You hit the jelly. The acid corrodes you!
Your hands burn!
The jelly hits you but does no damage.
You take 3 damage, and have 53/64 hp.
You hit the jelly.
Your hands burn!
You take 5 damage, and have 48/64 hp.
You hit the jelly but do no damage. The acid corrodes you!
Your hands burn!
* * * LOW HITPOINT WARNING * * *
The jelly hits you but does no damage.
You take 5 damage, and have 43/64 hp.
You hit the jelly but do no damage.
Your hands burn!
* * * LOW HITPOINT WARNING * * *
You miss the adder. The adder bites you but does no damage. The jelly hits you.
* * * LOW HITPOINT WARNING * * *
You are splashed with acid!
The acid corrodes you!
The acid burns!
* * * LOW HITPOINT WARNING * * *
You take 14 damage, and have 29/64 hp.
MASSIVE DAMAGE!!
The adder bites you.
* * * LOW HITPOINT WARNING * * *
You take 2 damage, and have 27/64 hp.
Unknown command.
The adder bites you.
* * * LOW HITPOINT WARNING * * *
You are poisoned.
The adder poisons you!
You take 5 damage, and have 22/64 hp.
Unknown command.
You feel sick.
You take 1 damage, and have 21/64 hp.
Unknown command.
Unknown command.
Unknown command.
Unknown command.
Eat which item? (? for menu, Esc to quit)
You are feeling very hungry.
You feel sick. The adder bites you.
* * * LOW HITPOINT WARNING * * *
You are more poisoned.
The adder poisons you!
Mmm - a full handful of almonds!
You take 5 damage, and have 16/64 hp.
You're too hungry to go berserk.
You feel sick. The adder bites you.
* * * LOW HITPOINT WARNING * * *
You are lethally poisoned!
The adder poisons you!
You take 5 damage, and have 11/64 hp.
Okay, then.
Read which item? (? for menu, Esc to quit)
Okay, then.
Your black bear goes berserk!
You are near starving!
* * * LOW HITPOINT WARNING * * *
You feel sick. The jelly hits you.
* * * LOW HITPOINT WARNING * * *
You are splashed with acid!
The acid burns!
You die...

#############
............#######
.................>#
.......!....#####.#
............# #.#
####...###.# #.#
#.JS# #+#####'#####
#h.@#
............##
#...#
............'.
#.....#
............#.
.#..#...#
............#.
#..#....#
............#.
..#.....#
#+###########.
.#..#...#
..............
........#
..............
.......<......


You could see a jelly, an adder and a friendly black bear (berserk).

Vanquished Creatures
  3 ogres (D:4)
  The ghost of barb4r1an the Skirmisher, an amateur GrFi (D:3)
  A howler monkey (D:4)
  3 centaur skeletons (D:4)
  Crazy Yiuf (D:4)
  A hound (D:4)
  An orc priest (D:3)
  A giant frog skeleton (D:3)
  Ijyb (D:2)
  3 orc wizards
  2 worker ants (D:4)
  Robin (D:3)
  6 adders
  2 oozes
  2 worms
  A dart slug (D:3)
  4 giant geckos
  16 orcs
  A ball python (D:3)
  6 giant cockroaches
  17 goblins
  11 hobgoblins
  8 jackals
  12 kobolds
  A quokka (D:3)
  6 bats
  7 giant newts
  14 rats
133 creatures vanquished.

Notes
Turn   | Place    | Note
--------------------------------------------------------------
     0 | D:1      | LernaeanJelly the Hill Orc Berserker began the quest for the Orb.
     0 | D:1      | Reached XP level 1. HP: 19/19 MP: 1/1
   225 | D:1      | Reached XP level 2. HP: 25/26 MP: 2/2
   310 | D:1      | Reached skill level 5 in Axes
   985 | D:1      | Reached XP level 3. HP: 27/31 MP: 3/3
  1081 | D:1      | Reached ** piety under Trog
  1538 | D:2      | Reached skill level 6 in Axes
  1674 | D:2      | Reached XP level 4. HP: 39/39 MP: 4/4
  1768 | D:2      | Noticed Ijyb
  1778 | D:2      | Killed Ijyb
  1897 | D:2      | Reached skill level 7 in Axes
  2016 | D:2      | Reached XP level 5. HP: 45/45 MP: 5/5
  2531 | D:3      | Reached *** piety under Trog
  2534 | D:3      | Reached skill level 8 in Axes
  2678 | D:3      | Noticed Robin
  2678 | D:3      | Noticed barb4r1an's ghost (amateur GrFi)
  2689 | D:3      | Killed barb4r1an's ghost
  2689 | D:3      | Reached skill level 9 in Axes
  2689 | D:3      | Reached XP level 6. HP: 51/51 MP: 6/6
  2695 | D:3      | Killed Robin
  3095 | D:3      | Reached **** piety under Trog
  3275 | D:4      | Noticed Crazy Yiuf
  3286 | D:4      | Killed Crazy Yiuf
  3378 | D:4      | Reached skill level 10 in Axes
  3378 | D:4      | Reached XP level 7. HP: 46/57 MP: 7/7
  3512 | D:4      | Found a stormy altar of Qazlal.
  3786 | D:4      | Reached skill level 11 in Axes
  4095 | D:4      | Reached XP level 8. HP: 64/64 MP: 8/8
  4098 | D:4      | Reached skill level 12 in Axes
  4231 | D:5      | Entered Level 5 of the Dungeon
  4281 | D:5      | HP: 16/64 [adder (5)]
  4283 | D:5      | Splashed by a jelly's acid

Vault maps used:
D:1:      dpeg_arrival_shrine
D:2:      uniq_iyjb
D:3:      uniq_robin
D:4:      kennysheep_mini_moat, uniq_crazy_yiuf_cottage
D:5:      minmay_temple_entry_enclosed_plants, first_bread,
          minmay_misc_feat_diagonals

Skill      XL: |  1  2  3  4  5  6  7  8 |
---------------+-------------------------+-----
Axes           | 5 6 7 9 10 11 12 | 12.1
Fighting       | |  3.6
Armour         | |  2.1
Dodging        | |  1.5

Action                   |  1- 3 |  4- 6 |  7- 9 || total
-------------------------+-------+-------+-------++-------
Melee: Hand axe          |   137 |   162 |   128 ||   427
Invok: Berserk           |     5 |     5 |     2 ||    12
       Brothers in Arms  |       |       |     1 ||     1
  Eat: Chunk             |     7 |    10 |     4 ||    21
       Fruit             |       |       |     1 ||     1
Armor: Animal skin       |    26 |     8 |       ||    34
       Chain mail        |       |    50 |    64 ||   114
Dodge: Dodged            |    85 |    66 |    44 ||   195

Vault maps used:
D:1:      dpeg_arrival_shrine
D:2:      uniq_iyjb
D:3:      uniq_robin
D:4:      kennysheep_mini_moat, uniq_crazy_yiuf_cottage
D:5:      minmay_temple_entry_enclosed_plants, first_bread,
          minmay_misc_feat_diagonals

Table legend:
 A = Turns spent in this place as a percentage of turns spent in the entire game.
 B = Non-inter-level travel turns spent in this place as a percentage of non-inter-level travel turns spent in the entire game.
 C = Inter-level travel turns spent in this place as a percentage of turns spent in this place.
 D = Turns resting spent in this place as a percentage of non-inter-level travel turns spent in this place.
 E = Turns spent auto-exploring this place as a percentage of non-inter-level travel turns spent in this place.
 F = Non-inter-level travel turns spent in this place divided by the number of levels of this place that you've seen.
                   A       B       C       D       E      F
               +-------+-------+-------+-------+-------+----------------------
         Total | 100.0 | 100.0 |   0.4 |   3.9 |   8.4 | 467.4
       Dungeon | 100.0 | 100.0 |   0.4 |   3.9 |   8.4 | 467.4
               +-------+-------+-------+-------+-------+----------------------

Table legend:
 A = Kills in this place as a percentage of kills in entire the game.
 B = Kills by you in this place as a percentage of kills by you in the entire game.
 C = Kills by friends in this place as a percentage of kills by friends in the entire game.
 D = Other kills in this place as a percentage of other kills in the entire game.
 E = Experience gained in this place as a percentage of experience gained in the entire game.
 F = Experience gained in this place divided by the number of levels of this place that you have seen.
                   A       B       C       D       E      F
               +-------+-------+-------+-------+-------+----------------------
         Total | 100.0 | 100.0 |  -nan |  -nan | 100.0 | 265.6
       Dungeon | 100.0 | 100.0 |  -nan |  -nan | 100.0 | 265.6
               +-------+-------+-------+-------+-------+----------------------
